[Event "57th Biel Festival MTO 2024"]
[White "Arbinger,Roland"]
[Black "Vincenti,Leonardo"]
[Site "Biel"]
[Round "2.52"]
[Annotator "RC"]
[Result "0-1"]
[Date "2024.07.16"]
[WhiteElo "2013"]
[BlackElo "2166"]
[PlyCount "78"]
[TimeControl "60"]

1. d4 Nf6 2. c4 e6 3. Nf3 d5 4. Bg5 Be7 5. e3 h6 6. Bh4 O-O 7. Nc3 b6 8. cxd5 Nxd5 9. Bxe7 Qxe7 10. Bd3 c5 11. O-O Bb7 12. Rc1 Rd8 13. Qe2 Nb4 14. Bc4 Nd7 15. a3 Nc6 16. Rfd1 cxd4 17. exd4 Nf6 18. Ba6 Rac8 19. Rc2 g6 20. h3 Kg7 21. Rcd2 Na5 22. Bxb7 Qxb7 23. Ne5 Nd5 24. Nxd5 Rxd5 25. b4 Nb3 26. Rd3 Nc1 27. Qe4 Nxd3 28. Rxd3 Rcd8 29. Rg3 R5d7 30. Rxg6+ fxg6 31. Qxg6+ Kf8 32. Qf6+ Kg8 33. Qxe6+ Rf7 34. Ng4 Qe7 35. Qg6+ Rg7 36. Nf6+ Kf8 37. Qxh6 Rxd4 38. Nh5 Rd1+ 39. Kh2 Qd6+ 0-1

[Event "57th Biel Festival MTO 2024"]
[White "Malli,Suvirr"]
[Black "Douguet,Claude"]
[Site "Biel"]
[Round "2.53"]
[Annotator "RC"]
[Result "1-0"]
[Date "2024.07.16"]
[WhiteElo "2147"]
[BlackElo "1994"]
[PlyCount "65"]
[TimeControl "60"]

1. e4 e5 2. Nf3 Nc6 3. Bc4 Bc5 4. d3 h6 5. c3 Nf6 6. O-O O-O 7. h3 a5 8. Bb3 d6 9. Re1 Be6 10. Bc2 Ba7 11. Nbd2 Nh7 12. Nf1 Ng5 13. Nxg5 hxg5 14. Be3 Qf6 15. Bxa7 Rxa7 16. Ne3 g6 17. Qd2 Kg7 18. Rad1 Rh8 19. Nd5 Qd8 20. f3 Rh5 21. Ne3 Qd7 22. d4 Ra8 23. d5 Bxh3 24. dxc6 bxc6 25. gxh3 Qxh3 26. Qg2 Qh4 27. Ng4 Rf8 28. Qh2 f5 29. Qxh4 Rxh4 30. exf5 gxf5 31. Ne3 e4 32. fxe4 f4 33. Nf5+ 1-0

[Event "57th Biel Festival MTO 2024"]
[White "Hornung,Hans"]
[Black "Asllani,Dorian"]
[Site "Biel"]
[Round "2.54"]
[Annotator "RC"]
[Result "0-1"]
[Date "2024.07.16"]
[WhiteElo "2009"]
[BlackElo "2154"]
[PlyCount "118"]
[TimeControl "60"]

1. c4 e6 2. Nc3 d5 3. d4 Nf6 4. Bg5 Nbd7 5. cxd5 exd5 6. e3 c6 7. Bd3 Be7 8. Qc2 O-O 9. Nf3 Re8 10. O-O h6 11. Bf4 Nf8 12. h3 Bd6 13. Be5 Bxe5 14. Nxe5 c5 15. Rad1 cxd4 16. exd4 Ne6 17. Qa4 a6 18. Bb1 h5 19. Rfe1 Qd6 20. Re3 Rb8 21. a3 b5 22. Qb4 Qc7 23. Ba2 Rd8 24. Ne2 Qb6 25. Ng3 a5 26. Qd2 g6 27. Rf3 Kg7 28. Nxh5+ gxh5 29. Rg3+ Kf8 30. Qh6+ Ke7 31. Rf3 Ng8 32. Rxf7+ Kd6 33. Qxh5 Rb7 34. Rc1 Nxd4 35. Qg6+ Be6 36. Rxb7 Qxb7 37. Re1 Rf8 38. Qg3 Nf5 39. Qc3 b4 40. Qd2 Nge7 41. Nc4+ Kd7 42. Nxa5 Qb5 43. Nc4 Nc6 44. a4 Qc5 45. Ne3 Nxe3 46. Rxe3 Rg8 47. Bb3 Ne7 48. Rd3 Rc8 49. Kh2 Qc7+ 50. g3 Qd6 51. Rd4 Nc6 52. Rh4 Rf8 53. Rh7+ Kc8 54. Qe2 Nd4 55. Qd3 Rxf2+ 56. Kg1 Rf3 57. Rh8+ Kc7 58. Rh7+ Bd7 59. Qxd4 Qxg3+ 0-1

[Event "57th Biel Festival MTO 2024"]
[White "Vemparala,Nikash"]
[Black "Hartmann,Wolfgang"]
[Site "Biel"]
[Round "2.55"]
[Annotator "RC"]
[Result "1-0"]
[Date "2024.07.16"]
[WhiteElo "2170"]
[BlackElo "1983"]
[PlyCount "63"]
[TimeControl "60"]

1. e4 c5 2. Nf3 Nc6 3. Bb5 g6 4. Bxc6 dxc6 5. d3 Bg7 6. h3 Nf6 7. O-O Nd7 8. Nc3 e5 9. Be3 b6 10. Qd2 h6 11. Nh2 Nf8 12. f4 exf4 13. Bxf4 Ne6 14. Be3 Nd4 15. Rae1 Be6 16. a3 Qe7 17. Nf3 O-O-O 18. Ne2 g5 19. Ng3 Qc7 20. Bxd4 Bxd4+ 21. Nxd4 cxd4 22. Nf5 Qd7 23. Ng7 Rhf8 24. Qf2 f6 25. Nxe6 Qxe6 26. Qf3 Rd7 27. Qh5 Rh8 28. Rf5 Rf7 29. Ref1 Rff8 30. Qg6 Rhg8 31. Qxh6 Rh8 32. Qg7 1-0

[Event "57th Biel Festival MTO 2024"]
[White "Coles,Ruben"]
[Black "Tkhoruk,Roman"]
[Site "Biel"]
[Round "2.56"]
[Annotator "RC"]
[Result "1/2-1/2"]
[Date "2024.07.16"]
[WhiteElo "2141"]
[BlackElo "1944"]
[PlyCount "72"]
[TimeControl "60"]

1. e4 c6 2. d4 d5 3. e5 Bf5 4. h4 h5 5. Bd3 Bxd3 6. Qxd3 e6 7. Nf3 c5 8. dxc5 Nc6 9. O-O Bxc5 10. c4 Nge7 11. Nc3 Qd7 12. Rd1 Rd8 13. Bg5 O-O 14. cxd5 exd5 15. Bxe7 Nxe7 16. Ng5 Qf5 17. Qxf5 Nxf5 18. Nxd5 Nxh4 19. Rac1 Bb6 20. Ne7+ Kh8 21. g3 Rde8 22. Rd7 Ng6 23. Nxf7+ Rxf7 24. Nxg6+ Kg8 25. Rd6 Bxf2+ 26. Kg2 Bb6 27. Rc2 Bc7 28. Rd5 Kh7 29. Nf4 Bxe5 30. Nd3 Bb8 31. Rxh5+ Kg6 32. Rcc5 Re3 33. Rhg5+ Kh6 34. Rh5+ Kg6 35. Rhg5+ Kh6 36. Rh5+ Kg6 1/2-1/2

[Event "57th Biel Festival MTO 2024"]
[White "Woong,Zhi Wei William"]
[Black "Udelnov,Valentin"]
[Site "Biel"]
[Round "2.57"]
[Annotator "RC"]
[Result "1-0"]
[Date "2024.07.16"]
[WhiteElo "2139"]
[BlackElo "1965"]
[PlyCount "57"]
[TimeControl "60"]

1. e4 e5 2. Nf3 Nc6 3. Bb5 g6 4. c3 a6 5. Ba4 Bg7 6. d4 exd4 7. cxd4 b5 8. Bb3 Nge7 9. O-O d6 10. Nc3 O-O 11. h3 Na5 12. Bc2 c5 13. Bg5 h6 14. Bh4 g5 15. Bg3 Nc4 16. b3 Na3 17. Bd3 g4 18. Nh4 gxh3 19. Qh5 hxg2 20. Kxg2 c4 21. bxc4 bxc4 22. Be2 Bxd4 23. Rac1 Qd7 24. Rh1 Bg7 25. Rcd1 Bxc3 26. Rxd6 Qb5 27. Qxh6 Bg7 28. Qh7+ Kxh7 29. Nf5+ 1-0

[Event "57th Biel Festival MTO 2024"]
[White "Pouly,Ivan"]
[Black "Nurgaliyeva,Zarina"]
[Site "Biel"]
[Round "2.58"]
[Annotator "RC"]
[Result "1-0"]
[Date "2024.07.16"]
[WhiteElo "1958"]
[BlackElo "2145"]
[PlyCount "71"]
[TimeControl "60"]

1. c4 e5 2. Nc3 Bb4 3. g3 Bxc3 4. dxc3 Nc6 5. Bg2 d6 6. Nf3 Nge7 7. O-O O-O 8. e4 h6 9. Ne1 f5 10. exf5 Bxf5 11. Nc2 Qd7 12. Re1 Bg4 13. Qd3 Rf7 14. f4 Raf8 15. b4 Bh3 16. b5 Bxg2 17. Kxg2 Nb8 18. Re2 Qc8 19. fxe5 dxe5 20. Be3 Qg4 21. Bxa7 Ng6 22. Kh1 b6 23. Ne3 Qf3+ 24. Kg1 Nd7 25. Rf1 Qh5 26. Ree1 Nc5 27. Qd5 Ne7 28. Qg2 e4 29. Rxf7 Qxf7 30. Rf1 Qe8 31. Rxf8+ Qxf8 32. Qd2 Nd3 33. c5 bxc5 34. a4 Qa8 35. b6 cxb6 36. Qa2+ 1-0

[Event "57th Biel Festival MTO 2024"]
[White "Arsenie,Cristian Marc"]
[Black "Stevens,Christian"]
[Site "Biel"]
[Round "2.59"]
[Annotator "RC"]
[Result "1-0"]
[Date "2024.07.16"]
[WhiteElo "2121"]
[BlackElo "1936"]
[PlyCount "48"]
[TimeControl "60"]

1. e4 c5 2. Nf3 d6 3. d4 cxd4 4. Nxd4 Nf6 5. Nc3 a6 6. Be3 e6 7. a3 Qc7 8. g4 b5 9. g5 Nfd7 10. f4 Nb6 11. Qf3 Bb7 12. O-O-O N8d7 13. Rg1 Nc5 14. Bg2 Rc8 15. Bf2 Nba4 16. Rge1 Be7 17. h4 Qb8 18. Nxa4 Nxa4 19. f5 e5 20. f6 exd4 21. fxg7 Rg8 22. Bxd4 Qc7 23. Rd2 Bxg5 24. hxg5 Rb8 1-0

[Event "57th Biel Festival MTO 2024"]
[White "Stefan,Iulia-Cristiana"]
[Black "Harish,Neeraj"]
[Site "Biel"]
[Round "2.60"]
[Annotator "RC"]
[Result "0-1"]
[Date "2024.07.16"]
[WhiteElo "1953"]
[BlackElo "2123"]
[PlyCount "86"]
[TimeControl "60"]

1. d4 Nf6 2. Nf3 c5 3. d5 b5 4. c3 b4 5. Bg5 g6 6. Bxf6 exf6 7. e4 Bg7 8. Bd3 O-O 9. O-O d6 10. Qc2 bxc3 11. Nxc3 Nd7 12. Rab1 Nb6 13. Nd2 Bd7 14. b4 c4 15. Nxc4 Nxc4 16. Bxc4 Rc8 17. Qd3 f5 18. Rbc1 Qc7 19. Ne2 fxe4 20. Qxe4 Bb2 21. Ba6 Bxc1 22. Bxc8 Rxc8 23. Nxc1 Qxc1 24. h3 Qc4 25. Qe7 Bb5 26. Rd1 Qe2 27. Qxe2 Bxe2 28. Re1 Rc2 29. a4 Kf8 30. Rb1 Rd2 31. Kh2 Bd3 32. Rb3 Bc4 33. Rc3 Bxd5 34. Rc8+ Kg7 35. Kg3 Rd4 36. Rc7 Rxb4 37. Rxa7 h5 38. a5 h4+ 39. Kh2 Rb2 40. Kg1 Bc4 41. a6 Ra2 42. Rc7 Bxa6 43. Rd7 Rd2 0-1

[Event "57th Biel Festival MTO 2024"]
[White "Pinelli,Gian"]
[Black "Kaiser,Elmar"]
[Site "Biel"]
[Round "2.61"]
[Annotator "RC"]
[Result "1/2-1/2"]
[Date "2024.07.16"]
[WhiteElo "1874"]
[BlackElo "2116"]
[PlyCount "129"]
[TimeControl "60"]

1. d4 Nf6 2. c4 e6 3. Nc3 Bb4 4. Qc2 O-O 5. a3 Bxc3+ 6. Qxc3 b6 7. Bg5 d6 8. Nf3 Nbd7 9. g3 h6 10. Bxf6 Qxf6 11. Bg2 Bb7 12. O-O Rfe8 13. Rfd1 Qe7 14. Qc2 Nf6 15. Nh4 c5 16. dxc5 dxc5 17. Bxb7 Qxb7 18. f3 Red8 19. Qc3 Rd7 20. Rd3 Rad8 21. Rad1 Qc7 22. Ng2 Ne8 23. Ne3 Rd6 24. Ng4 f6 25. Nf2 R8d7 26. Ne4 Rxd3 27. Rxd3 Qd8 28. Nf2 e5 29. Qd2 Rd4 30. e3 Rxd3 31. Qxd3 Qxd3 32. Nxd3 Nd6 33. b3 e4 34. fxe4 Nxe4 35. b4 cxb4 36. axb4 Kf7 37. Kg2 Ke7 38. Nb2 Ke6 39. Kf3 f5 40. Ke2 g5 41. Nd3 Kd6 42. Nb2 Kc6 43. Kd3 a5 44. bxa5 bxa5 45. Kd4 Nd2 46. Ke5 Kc5 47. Kxf5 Nxc4 48. Nxc4 Kxc4 49. e4 a4 50. e5 a3 51. e6 a2 52. e7 a1=Q 53. e8=Q Qf1+ 54. Kg6 Qg2 55. Qe6+ Kc3 56. Qe3+ Kb2 57. Kxh6 Qxh2+ 58. Kxg5 Qh7 59. Qe5+ Ka2 60. Kf4 Qh2 61. Qd5+ Kb2 62. Qe5+ Ka2 63. Kg4 Qh6 64. Kf3 Qh1+ 65. Kf4 1/2-1/2

[Event "57th Biel Festival MTO 2024"]
[White "Altantuya,Boldbaatar"]
[Black "Kheerthi Ganta"]
[Site "Biel"]
[Round "2.62"]
[Annotator "RC"]
[Result "1-0"]
[Date "2024.07.16"]
[WhiteElo "2107"]
[BlackElo "1987"]
[PlyCount "28"]
[TimeControl "60"]

1. d4 Nf6 2. c4 e6 3. Nf3 d5 4. Nc3 Bb4 5. e3 O-O 6. a3 Bxc3+ 7. bxc3 b6 8. cxd5 exd5 9. Bb2 Nbd7 10. Bd3 c5 11. Rf1 Re8 12. g3 g6 13. h3 h5 14. g4 h4 1-0

[Event "57th Biel Festival MTO 2024"]
[White "Malli,Shiivesh Sunil"]
[Black "Lyutsinger,Iren"]
[Site "Biel"]
[Round "2.63"]
[Annotator "RC"]
[Result "1/2-1/2"]
[Date "2024.07.16"]
[WhiteElo "1916"]
[BlackElo "2069"]
[PlyCount "67"]
[TimeControl "60"]

1. c4 e5 2. Nc3 Nf6 3. g3 d5 4. cxd5 Nxd5 5. Bg2 Nb6 6. d3 Be7 7. Nf3 Nc6 8. O-O O-O 9. a3 Be6 10. b4 a5 11. b5 Nd4 12. e3 Nxf3+ 13. Bxf3 Nd5 14. Bb2 f6 15. d4 Nxc3 16. Bxc3 exd4 17. Qxd4 Qc8 18. Qe4 c6 19. bxc6 bxc6 20. Bg2 Rd8 21. Rfc1 Rd6 22. Bd4 Qf8 23. Bc5 Bd5 24. Qa4 Re6 25. Bxe7 Qxe7 26. Bxd5 cxd5 27. Rd1 Re5 28. Rab1 Rd8 29. Qxa5 d4 30. Qb6 Rxe3 31. fxe3 Qxe3+ 32. Kg2 Qe2+ 33. Kg1 Qe3+ 34. Kg2 1/2-1/2

[Event "57th Biel Festival MTO 2024"]
[White "Coles,Robin"]
[Black "Cordes,Jule"]
[Site "Biel"]
[Round "2.64"]
[Annotator "RC"]
[Result "1-0"]
[Date "2024.07.16"]
[WhiteElo "2084"]
[BlackElo "1900"]
[PlyCount "99"]
[TimeControl "60"]

1. e4 e6 2. d4 d5 3. Nd2 Nf6 4. e5 Nfd7 5. Bd3 c5 6. c3 Nc6 7. Ngf3 Qb6 8. O-O cxd4 9. cxd4 a5 10. a4 Nxd4 11. Nxd4 Qxd4 12. Nf3 Qb6 13. Qe2 Nc5 14. Be3 Bd7 15. Ng5 Qd8 16. Bc2 g6 17. Qf3 Qe7 18. h4 Rc8 19. Nh3 Bg7 20. Bg5 Qf8 21. Rfe1 Bc6 22. h5 Nd7 23. Bf6 Bxf6 24. exf6 Qd6 25. Ng5 d4 26. Qh3 Qd5 27. Nxe6 fxe6 28. hxg6 Kd8 29. g7 Rg8 30. Be4 Qg5 31. Qxe6 Nxf6 32. Bd5 Qxg7 33. Qd6+ Nd7 34. Ra3 Bxd5 35. Qxd5 Qg5 36. Qxb7 Rc1 37. Qa8+ Rc8 38. Qe4 Qf6 39. Rf3 Qd6 40. Rd3 Rc4 41. Qa8+ Nb8 42. Rb3 Kd7 43. Rb7+ Kc8 44. Rxb8+ Qxb8 45. Qa6+ Kd7 46. Qe6+ Kc7 47. Qxc4+ Kd7 48. Qd5+ Kc7 49. Re7+ Kb6 50. Qb5# 1-0

[Event "57th Biel Festival MTO 2024"]
[White "Madaminov,Mukhiddin"]
[Black "Ganguly,Surya Shekhar"]
[Site "Biel"]
[Round "3.1"]
[Annotator "TA"]
[Result "1/2-1/2"]
[Date "2024.07.17"]
[WhiteElo "2517"]
[BlackElo "2575"]
[PlyCount "33"]
[TimeControl "60"]

1. e4 e5 2. Nf3 Nc6 3. Bb5 Nf6 4. d3 Bc5 5. c3 O-O 6. O-O d5 7. Nbd2 Re8 8. exd5 a6 9. Bxc6 bxc6 10. Ne4 {[%emt 0:1:2] Die Stellung ist ausgeglichen.} Nxe4 11. dxe4 cxd5 12. Qxd5 Qxd5 13. exd5 e4 14. Nd2 e3 15. fxe3 Bxe3+ 16. Kh1 Bg4 {[%emt 0:0:42] Das Läuferpaar ist gut.} 17. Nf3 $1 {[%emt 0:8:41] Ein ziemlich ruhiges Remis.   Gewichteter Fehlerwert: Weiß=0.06 (makellos) /Schwarz=0.04 (makellos) .  OK:         	Weiß=2     	Schwarz=5     Bester:       	Weiß=1     	---        Stark:        	Weiß=1     	---} 1/2-1/2

[Event "57th Biel Festival MTO 2024"]
[White "Bilguun,Sumiya"]
[Black "Sasikiran,Krishnan"]
[Site "Biel"]
[Round "3.2"]
[Annotator "TA"]
[Result "0-1"]
[Date "2024.07.17"]
[WhiteElo "2466"]
[BlackElo "2581"]
[PlyCount "84"]
[TimeControl "60"]

1. e4 c5 2. Nc3 e6 3. f4 d5 4. Nf3 dxe4 5. Nxe4 Nc6 6. Bb5 Bd7 7. Qe2 {[%emt 0:6:23] B21: Sicilian: 2 f4 and Morra Gambit.} Nf6 8. Nxf6+ gxf6 9. f5 $146 ({Predecessor:} 9. a4 Bd6 10. g3 Qe7 11. b3 Nd4 12. Nxd4 cxd4 13. Bb2 e5 14. Bxd7+ Kxd7 15. Qb5+ {1-0 Danielsen,M (2015)-Steffers,H (1987) NATO-ch 18th 2007 (5)} )e5 10. O-O Rg8 11. c3 Qb6 12. Bc4 Na5 13. Bd5 c4+ 14. Kh1 O-O-O 15. Bxf7 Rg7 16. Be6 (16. Bxc4 $14 Nxc4 (16... Bxf5 17. Nxe5 Be6 18. b4 $18 )17. Qxc4+ Kb8 (17... Qc6 18. Qxc6+ Bxc6 19. d4 $16 )18. Qe2 )Bxe6 $11 17. fxe6 Qxe6 18. Nd4 Qd5 (18... exd4 $2 19. Qxe6+ Kb8 20. Qxf6 $18 )19. Nf5 Rc7 20. Ne3 Qd3 21. Qxd3 Rxd3 22. Rxf6 Bc5 23. Nc2 (23. Ng4 $1 {feels stronger.} )e4 24. Rf1 Rg7 25. Rb1 Nc6 26. b3 Ne5 27. Nd4 Rf7 28. Re1 $1 (28. Rxf7 Nxf7 29. g3 (29. bxc4 $2 Bxd4 30. cxd4 e3 $19 )e3 30. dxe3 (30. bxc4 $2 Bxd4 31. cxd4 e2 $19 )Rd1+ 31. Kg2 Ba3 $17 )Ng4 29. bxc4 Bd6 30. Nb5 $2 (30. Rb5 $11 {and White is okay.} )Bxh2 $19 (30... Nxh2 $2 31. Nxd6+ (31. Rxe4 $2 Rf1# )(31. Nxa7+ Kd8 $15 )Rxd6 32. Kxh2 $18 )(30... Bc5 31. Nd4 $17 )31. Ba3 (31. Nxa7+ Kb8 32. Nc6+ Ka8 $19 )Rxd2 32. Bc5 {[%emt 0:0:29] [#]} (32. Nxa7+ $142 Kb8 33. Nc6+ Kc7 34. Na5 )Rf5 $1 $19 (32... Rxa2 $2 33. Nxa7+ Rxa7 34. Bxa7 $18 )33. Rxe4 Rxc5 34. Rxg4 {[%emt 0:0:32] [#]} Rh5 $1 35. g3 (35. Nxa7+ $2 {perishes.} Kb8 36. g3 Bxg3+ (36... Kxa7 $2 37. Rb5 $19 )37. Kg1 Bh2+ (37... Kxa7 38. Rxg3 Rh6 39. a4 $15 )(37... Bf2+ $2 38. Kg2 $19 )38. Kf1 Kxa7 $19 )(35. Rg8+ Kd7 36. Rg7+ (36. Nxa7 $2 Bd6+ 37. Kg1 Bc5+ 38. Kf1 Rh1# )Ke8 37. Rg8+ (37. Nxa7 $2 Bg3+ 38. Kg1 Bf2+ 39. Kf1 Rh1# )Kf7 $19 )a6 ({Not} 35... Bxg3+ 36. Kg1 Bf2+ 37. Kg2 $11 )36. Rg8+ $2 (36. Rh4 Rxh4 37. gxh4 axb5 38. Rxb5 )Kd7 $19 37. Rg7+ Kd8 38. Na3 (38. Rg4 $142 Bxg3+ (38... axb5 $2 39. Rxb5 Rxb5 40. cxb5 $19 )39. Kg1 Bf2+ 40. Kg2 )Bxg3+ $19 39. Kg1 Bh2+ (39... Rxa2 40. Rxg3 Rxa3 41. Rxb7 Ra1+ 42. Kf2 $16 )40. Kf1 Bd6 41. Rg8+ Kc7 42. Rg7+ Kc6 0-1

[Event "57th Biel Festival MTO 2024"]
[White "Moiseenko,Alexander"]
[Black "Sokolovsky,Yahli"]
[Site "Biel"]
[Round "3.3"]
[Annotator "TA"]
[Result "1/2-1/2"]
[Date "2024.07.17"]
[WhiteElo "2560"]
[BlackElo "2492"]
[PlyCount "49"]
[TimeControl "60"]

1. d4 Nf6 2. Bg5 Ne4 3. Bf4 d5 4. e3 c5 5. Bd3 Nc6 6. Bxe4 dxe4 7. Ne2 {[%emt 0:0:10] [#]} ({White should play} 7. d5 $1 $14 Nb4 8. Nc3 )g5 $1 $11 8. Bxg5 {[%emt 0:3:27] Black has an edge.} Rg8 $1 9. Bf4 (9. h4 $11 )cxd4 $1 $15 10. exd4 e5 11. Bxe5 Nxe5 12. dxe5 {[%emt 0:0:2] [#] And now Nbc3 would win.} Qxd1+ 13. Kxd1 Rxg2 14. Nbc3 Bg4 15. Nxe4 {[%emt 0:2:14] Hoping for Nf6+.} O-O-O+ 16. Ke1 Bf3 17. Nd2 Bc6 18. Nb3 {[%emt 0:15:37] Wards off Bc5} Bg7 19. Nbd4 {[%emt 0:7:40] Nxc6 would now be deadly.} Be4 (19... Bxe5 20. Nxc6 bxc6 21. c3 )20. f4 Bh6 {[%emt 0:6:51][%cal Og2e2] A strong pair of Bishops.} (20... Rxe2+ 21. Kxe2 Rxd4 (21... Bxh1 $2 {loses.} 22. Nf5 $18 )22. Ke3 )21. c3 Rdg8 {[%emt 0:2:33][%cal Oh6f4] The position is equal.} 22. Rd1 Rxe2+ 23. Kxe2 Bxh1 24. Rxh1 {[%emt 0:0:6] Kf3 is the strong threat.} Bxf4 25. Rf1 {[%emt 0:8:27] Weighted Error Value: White=0.12 (very precise) /Black=0.06 (flawless) .  Mistake:       	White=2     	---        Inaccurate:     	---       	Black=1      OK:         	White=8     	Black=6      Best:        	White=2     	Black=2      Strong:       	---       	Black=2      Brilliant:      	---       	Black=1} 1/2-1/2

[Event "57th Biel Festival MTO 2024"]
[White "Xue,Haowen"]
[Black "Harsha Bharathakoti"]
[Site "Biel"]
[Round "3.4"]
[Annotator "RC"]
[Result "1-0"]
[Date "2024.07.17"]
[WhiteElo "2452"]
[BlackElo "2569"]
[PlyCount "67"]
[TimeControl "60"]

1. c4 c5 2. Nf3 Nc6 3. g3 g6 4. Bg2 Bg7 5. Nc3 d6 6. O-O Bf5 7. h3 e5 8. d3 Nge7 9. a3 O-O 10. Rb1 a5 11. Bd2 Be6 12. Qc1 f6 13. Bh6 Qd7 14. Bxg7 Kxg7 15. Kh2 b6 16. e3 d5 17. cxd5 Nxd5 18. Rd1 Rac8 19. Ne4 Rfd8 20. b3 Nde7 21. Qb2 Nf5 22. Rbc1 Qf7 23. b4 axb4 24. axb4 Nxb4 25. d4 exd4 26. exd4 Qe7 27. dxc5 Nd3 28. Rxd3 Rxd3 29. Qxb6 Rb3 30. Qa6 Rd8 31. Re1 Bc8 32. Qa5 Qd7 33. c6 Qd5 34. Qc7+ 1-0

[Event "57th Biel Festival MTO 2024"]
[White "Jumabayev,Rinat"]
[Black "Gan-Erdene,Sugar"]
[Site "Biel"]
[Round "3.5"]
[Annotator "TA"]
[Result "1-0"]
[Date "2024.07.17"]
[WhiteElo "2575"]
[BlackElo "2424"]
[PlyCount "63"]
[TimeControl "60"]

1. e4 c5 2. Nf3 e6 3. d4 cxd4 4. Nxd4 Nc6 5. Nc3 Qc7 6. Ncb5 Qb8 7. Bd3 a6 8. Nxc6 {[%emt 0:0:10] The position is equal.} bxc6 9. Nd4 Bd6 10. Nf3 Ne7 11. O-O Ng6 12. h4 h6 13. h5 Nf4 14. Re1 Be7 15. e5 Nxd3 16. Qxd3 d5 17. exd6 Qxd6 18. Qc4 Bf6 19. Qg4 {[%emt 0:7:12] White is more active.} Rb8 20. c4 O-O $1 21. Bxh6 e5 $1 22. Qg3 Rxb2 23. Bg5 (23. Nxe5 $2 Bxe5 24. Qxe5 Qxe5 (24... Qxh6 $2 25. Qxb2 Be6 26. Re5 $18 )25. Rxe5 gxh6 $19 )Bxg5 24. Nxg5 (24. Qxg5 f6 25. Qc1 Rb4 $11 )f6 (24... Qf6 $1 $14 )25. Ne4 $36 {[%emt 0:0:22][%mdl 2048] Black is under strong pressure.} Qe7 26. Rad1 Be6 {[%emt 0:9:20] Loses the game.} (26... Bf5 $16 )27. h6 $18 {[%emt 0:3:27] Hoping for Rd6.} g5 {[%emt 0:7:52] [#]} 28. Rd6 $1 {[%emt 0:3:22][%cal Oe4g5] Threatens to win with Nxg5!} Kh7 (28... Kh8 $142 29. Rxc6 Rbb8 )29. Rxc6 {[%emt 0:2:14][%cal Oe4g5] Strongly threatening Nxg5+!} Kxh6 {[%emt 0:1:11] [#]} (29... Bf5 30. Nd6 (30. Rxa6 Bxe4 31. Rxe4 Qb7 $16 )Bg6 31. Rxa6 Rd2 )30. Nxg5 $1 fxg5 (30... Bf5 31. Rxe5 )31. Qh3+ (31. Rxa6 $2 {loses.} Rfxf2 32. Qxf2 (32. Qh3+ $2 Kg7 $19 )Rxf2 33. Kxf2 Qf8+ 34. Ke2 Qc8 $19 )Kg7 32. Rxe6 {[%emt 0:0:11] Weighted Error Value: White=0.10 (very precise) /Black=0.47.  Mistake:       	---       	Black=4      Inaccurate:     	---       	Black=4      OK:         	White=7     	Black=9      Best:        	White=3     	Black=1      Strong:       	White=1     	Black=2      Brilliant:      	White=1     	---} 1-0

[Event "57th Biel Festival MTO 2024"]
[White "Kobo,Ori"]
[Black "Dotzer,Lukas"]
[Site "Biel"]
[Round "3.6"]
[Annotator "TA"]
[Result "1-0"]
[Date "2024.07.17"]
[WhiteElo "2529"]
[BlackElo "2369"]
[PlyCount "71"]
[TimeControl "60"]

1. e4 c5 2. Nf3 d6 3. d4 cxd4 4. Nxd4 Nf6 5. Nc3 a6 6. Rg1 h5 7. h3 b5 8. g4 g6 {[%emt 0:8:8] The position is equal.} 9. a4 b4 10. Nd5 Bg7 (10... Nxd5 {simplifies} 11. exd5 Bb7 12. Bg2 Qc7 )11. Be3 (11. gxh5 $11 Rxh5 12. Be3 )Bb7 ({Black should try} 11... hxg4 $1 $15 12. hxg4 Bb7 )12. gxh5 $11 Nxd5 (12... Nxh5 $11 {remains equal.} 13. Nxb4 Nd7 )13. exd5 $16 {[%emt 0:2:15] Black is now going downhill.} Rxh5 {[%emt 0:1:11] [#]} (13... Bxd4 $16 14. Qxd4 Rxh5 )14. Rxg6 $3 $18 fxg6 {[%emt 0:5:40] [#]} 15. Ne6 $1 Rxd5 16. Qg4 (16. Nxg7+ Kf7 17. Bc4 e6 18. Bxd5 Bxd5 19. Nxe6 Bxe6 (19... Kxe6 $2 20. Qg4+ Kf7 21. O-O-O $18 ))Qa5 (16... Qc8 $142 17. Qxg6+ (17. Nxg7+ $2 Kf7 $17 )Kd7 18. Nxg7 Re5 )17. Nxg7+ Kd8 18. Ne6+ (18. Qxg6 Re5 $16 )Kc8 19. Qxg6 {[%emt 0:5:43] Intending Qe8+ and mate.} Nc6 20. Qe8+ Nd8 {[%emt 0:0:0] [#]} 21. Bg2 $1 (21. Qxe7 Re5 22. Qxd8+ Qxd8 23. Nxd8 Kxd8 $14 )Bc6 $2 (21... Rb8 22. h4 (22. Bxd5 Bxd5 $18 )(22. Qxe7 Re5 $11 )b3+ 23. c3 Bc6 24. Qxe7 Nxe6 )22. Qxe7 (22. Bxd5 $2 Bxe8 23. O-O-O Nxe6 24. Bxe6+ Kc7 $19 )Nxe6 23. Qxe6+ Kc7 24. Qf7+ Kc8 25. b3 Rb8 26. Bxd5 Qxd5 27. Qxd5 Bxd5 {[%emt 0:0:0][%mdl 4096] Endgame. KRB-KRB} 28. O-O-O Be4 29. Rxd6 Rb7 30. Rd4 (30. Rxa6 Rc7 31. Rb6 Bxc2 $18 )Bf5 31. Rc4+ Kd7 32. h4 Ke6 (32... Rc7 $142 33. Rxc7+ (33. Rxb4 Bxc2 34. Rd4+ Ke6 $18 )Kxc7 )33. Rc6+ Kd5 (33... Kd7 $142 )34. Rxa6 {[%emt 0:0:24] White is clearly winning.} Rc7 35. Ra5+ Ke6 36. Rc5 {[%emt 0:11:11] Weighted Error Value: White=0.34/Black=0.50.  Mistake:       	White=1     	Black=7      Inaccurate:     	White=1     	---        OK:         	White=12    	Black=3      Best:        	White=2     	Black=3      Strong:       	White=2     	---        Brilliant:      	White=1     	---} 1-0